[Event "FIDE WTC-KO 202"]
[Site "Jerusalem"]
[Date "2022.11.23"]
[Round "2.1"]
[White "Mamedyarov, Shakhriyar"]
[Black "Santos Latasa, Jaime"]
[Result "1/2-1/2"]
[ECO "A34"]
[WhiteElo "2747"]
[BlackElo "2622"]
[Annotator "TA"]
[PlyCount "66"]
[EventDate "2022.11.20"]
[EventType "team-tourn"]
[EventCountry "ISR"]
[SourceTitle "playchess.com"]
[Source "ChessBase"]
[SourceQuality "1"]
[TimeControl "2700+10"]

1. c4 c5 2. Nf3 Nf6 3. Nc3 Nc6 4. g3 d5 5. cxd5 Nxd5 6. Bg2 g6 7. Qb3 e6 {[%emt 0:01:56] A34: Symmetrical English: 2 Nc3, lines with ...d5.} 8. Ne4 {[%emt 0:00:08] [#]} f5 $146 ({Predecessor:} 8... b6 9. d4 cxd4 10. O-O Bb7 11. Rd1 Bg7 12. Bg5 f6 13. Bf4 e5 14. Nxd4 Nxd4 15. Rxd4 {1-0 (48) Giri,A (2764)-Nepomniachtchi,I (2784) chess24.com INT 2020}) 9. Nc3 Bg7 10. O-O O-O 11. d3 Kh8 (11... Nxc3 $11 12. bxc3 b6) 12. Bg5 Qd7 13. Rad1 (13. Nxd5 {simplifies} exd5 14. Bf4 b6 15. e3) 13... b6 14. e4 Nc7 15. Rfe1 (15. e5 {should be considered.}) 15... Bb7 (15... e5 $5 16. exf5 gxf5 $15) 16. Qa4 (16. e5 $5 ) 16... Rae8 {[%emt 0:05:25] Inhibits d4.} (16... b5 $11 17. Nxb5 fxe4) 17. d4 $1 $14 cxd4 {[%emt 0:02:28] [#] Strongly threatening ...e5.} 18. e5 d3 19. Re3 Nd5 20. Rdxd3 Nxc3 21. bxc3 ({Much weaker is} 21. Rxd7 Nxa4 22. Rxb7 Nc5 $11) 21... Qc7 22. Qh4 {[%emt 0:01:04] White is more active.} ({Better is} 22. Re1 $16) 22... Kg8 23. Bf6 h6 24. Qc4 {[%emt 0:01:12] [#] And now Nd4 would win.} Rf7 ({Don't play} 24... Bxf6 25. exf6 Qf7 26. Qh4 Qxf6 27. Qxh6 $16) 25. Bxg7 Kxg7 26. Rd6 Na5 27. Qxc7 Rxc7 28. Nd4 Rce7 {[%emt 0:01:27] White must now prevent ...Nc4.} 29. Re2 Bxg2 30. Kxg2 {[%emt 0:00:01] The position is equal.} Nb7 31. Rc6 Na5 32. Rd6 Nb7 33. Rc6 Na5 {[%emt 0:00:21] Weighted Error Value: White=0.11 (very precise) /Black=0.16 (very precise)} 1/2-1/2

[Event "FIDE WTC-KO 202"]
[Site "Jerusalem"]
[Date "2022.11.23"]
[Round "2.1"]
[White "Vidit, Santosh Gujrathi"]
[Black "Vachier-Lagrave, Maxime"]
[Result "0-1"]
[ECO "A48"]
[WhiteElo "2662"]
[BlackElo "2775"]
[Annotator "TA"]
[PlyCount "140"]
[EventDate "2022.11.20"]
[EventType "team-tourn"]
[EventCountry "ISR"]
[SourceTitle "playchess.com"]
[Source "ChessBase"]
[SourceQuality "1"]
[TimeControl "2700+10"]

1. d4 Nf6 2. Nf3 g6 3. b3 Bg7 4. Bb2 O-O 5. e3 b6 6. c4 {[%emt 0:00:06] A48: 1 d4 Nf6 2 Nf3 g6: Torre, London and Colle Systems.} Bb7 7. Nc3 d5 8. Rc1 {[%emt 0:00:48] The position is equal.} e6 9. cxd5 exd5 10. Bd3 {[%emt 0:00:21] [#]} Nbd7 $146 ({Predecessor:} 10... a6 11. Ne5 Nbd7 12. f4 c5 13. O-O cxd4 14. exd4 b5 15. Qe2 Re8 16. Nd1 Ne4 {½-½ (25) Oparin,G (2654)-Yu,Y (2763) Douglas 2019}) 11. O-O a6 12. b4 Re8 13. a4 c5 14. bxc5 bxc5 15. dxc5 Nxc5 16. Ne2 Rc8 17. Bd4 (17. Nf4 {keeps more tension.} Nfe4 18. Bxg7 Kxg7 19. Bc2) 17... Qa5 18. Bxc5 (18. Nf4 {looks sharper.} Nfe4 19. Bc2 Bxd4 20. Qxd4 Qc3 21. h4) 18... Rxc5 19. Rxc5 Qxc5 20. Qb3 Re7 21. Rc1 Qd6 22. a5 Rc7 23. Qb6 (23. Rxc7 $11 Qxc7 24. Nf4) 23... Qxb6 $17 24. axb6 Rxc1+ 25. Nxc1 {[%emt 0:00:01] [#] And now Nb3 would win.} Nd7 26. Nb3 {[%emt 0:03:17] aiming for Na5.} Bc3 {[%emt 0:00:05] Inhibits Na5.} (26... Nxb6 $6 27. Nc5 Ba8 28. Bxa6 $11) 27. Nfd4 Kf8 ({Don't play} 27... Nxb6 $6 28. Nc5 Ba8 29. Bxa6 $11) 28. Kf1 Ke7 ({Much worse is} 28... Nxb6 $6 29. Nc5 Ba8 30. Bxa6 $11) 29. Ne2 Bb4 30. Nec1 Nxb6 31. Na2 Bd6 32. Na5 Bc8 33. Ke2 Kd7 34. Kd2 Kc7 35. g3 Na4 36. Kc2 Nc5 37. Nb3 Ne4 38. f3 Nf6 39. Nc3 h5 {[%emt 0:00:24] Prevents g4.} 40. Na4 Nd7 41. Nc3 Nb6 42. e4 dxe4 43. Nxe4 Be7 44. f4 Nd5 45. Kd2 Bb4+ 46. Kc1 a5 47. Ng5 (47. Bc4 $17 Bb7 48. Nec5 Bxc5 49. Nxc5) 47... f6 $19 48. Nf3 Ne7 49. Nh4 g5 50. fxg5 fxg5 51. Ng6 (51. Nf3) 51... Nxg6 52. Bxg6 {[%emt 0:00:01][%mdl 4096] Endgame KBB-KBN} h4 53. gxh4 $2 (53. Bf7) 53... gxh4 54. Nd4 Be7 55. Bf5 Bb7 56. h3 (56. Nc2 $142) 56... Bf6 57. Nb5+ Kb6 58. Nd6 Bd5 {[%emt 0:00:27] [#] ...Kc6 is the strong threat.} 59. Bc2 Kc6 60. Ne4 Be7 61. Kd2 $2 (61. Kb2) 61... Be6 62. Ba4+ Kb6 63. Nf2 Kc5 {[%emt 0:00:22] Threatens to win with ...Kb4.} 64. Kc3 Bf6+ 65. Kc2 Bd4 66. Nd3+ Kd6 67. Nf4 Bf5+ 68. Kd2 Be5 {[%emt 0:00:07] A strong pair of Bishops.} 69. Ke3 Bxf4+ 70. Kxf4 Bxh3 {[%emt 0:00:01] Weighted Error Value: White=0.25 (precise) /Black=0.12 (very precise)} 0-1

[Event "FIDE WTC-KO 202"]
[Site "Jerusalem"]
[Date "2022.11.23"]
[Round "2.1"]
[White "Gharamian, Tigran"]
[Black "Sasikiran, Krishnan"]
[Result "1/2-1/2"]
[ECO "C48"]
[WhiteElo "2637"]
[BlackElo "2577"]
[Annotator "TA"]
[PlyCount "64"]
[EventDate "2022.11.20"]
[EventType "team-tourn"]
[EventCountry "ISR"]
[SourceTitle "playchess.com"]
[Source "ChessBase"]
[SourceQuality "1"]
[TimeControl "2700+10"]

1. e4 e5 2. Nf3 Nc6 3. Bb5 Nf6 4. d3 Bc5 5. Bxc6 dxc6 6. Nc3 Nd7 {[%emt 0:02:22] C48: Four Knights: 4 Bb5, replies other than 4...Bb4.} 7. O-O O-O 8. Be3 Bd6 9. Nd2 Nc5 10. Nc4 Ne6 11. Ne2 {[%emt 0:00:39] [#]} f5 $146 ({Predecessor:} 11... Qf6 12. Qd2 Rd8 13. f4 exf4 14. Nxf4 Bxf4 15. Bxf4 Nxf4 16. Rxf4 Qd4+ 17. Qf2 Be6 18. Qxd4 Rxd4 {0-1 (60) Rasik,V (2458)-Blahynka,M (2426) Czech Republic 2018}) 12. exf5 Rxf5 13. Ng3 Rf7 14. Qd2 (14. Ne4 {with more complications.} Nf4 15. Re1 Be6 16. Qd2) 14... b5 {[%emt 0:08:27] [#]} 15. Nxd6 (15. Na5 $1 $16) 15... cxd6 $11 16. f4 exf4 17. Bxf4 c5 (17... Rxf4 $11 {remains equal.} 18. Rxf4 Nxf4 19. Qxf4 Be6) 18. Ne4 ({Better is} 18. Be3 $16) 18... d5 19. Bg5 Qd7 (19... Rxf1+ {feels hotter.} 20. Rxf1 Nxg5 21. Nxg5 h6) 20. Rxf7 Qxf7 21. Nd6 Qg6 22. Bh4 {[%emt 0:00:26] White is much more active.} (22. Be7 $14) 22... Nd4 {[%emt 0:01:18] [#] Hoping for ...Nf3+. The position is equal.} 23. Bg3 Bg4 {[%emt 0:00:36] Strongly threatening ...Ne2+.} 24. Re1 {[%emt 0:02:43] Inhibits Ne2+.} Rf8 25. c3 Nf5 {[%emt 0:00:43] And now ...Nxg3 would win.} 26. Nxf5 Bxf5 27. d4 c4 28. Rf1 h6 29. Be5 Be4 30. Rxf8+ Kxf8 31. Qf2+ Kg8 32. Qg3 Qxg3 {[%emt 0:00:23] Weighted Error Value: White=0.15 (very precise) /Black=0.12 (very precise)} 1/2-1/2

[Event "FIDE WTC-KO 202"]
[Site "Jerusalem"]
[Date "2022.11.23"]
[Round "2.1"]
[White "Wojtaszek, Radoslaw"]
[Black "Lu, Shanglei"]
[Result "1/2-1/2"]
[ECO "E04"]
[WhiteElo "2636"]
[BlackElo "2627"]
[Annotator "TA"]
[PlyCount "82"]
[EventDate "2022.11.20"]
[EventType "team-tourn"]
[EventCountry "ISR"]
[SourceTitle "playchess.com"]
[Source "ChessBase"]
[SourceQuality "1"]
[TimeControl "2700+10"]

1. d4 Nf6 2. c4 e6 3. Nf3 d5 4. g3 dxc4 5. Bg2 c5 6. O-O Nc6 7. Qa4 Bd7 8. Qxc4 b5 $1 {[%emt 0:00:02] 8...b5 is better than 8...cxd4.} 9. Qc3 {[%emt 0:00:05] E04: Open Catalan: 5 Nf3.} b4 10. Qd3 Rc8 11. dxc5 {[%emt 0:00:13] White has an edge.} Bxc5 12. Nbd2 O-O 13. Nb3 {[%emt 0:00:08] Against e5} Bb6 14. Be3 e5 {[%emt 0:00:02] [#] Strongly threatening ...e4.} 15. Nfd2 {[%emt 0:00:11] [#] Against e4} Be6 $146 ({Predecessor:} 15... Bg4 16. Qxd8 Rfxd8 17. Bxb6 axb6 18. Rfc1 Na5 19. Rxc8 Rxc8 20. Rc1 Rxc1+ 21. Nxc1 Nd7 {½-½ (65) Roiz,M (2598)-Yilmaz,M (2607) Chess.com INT 2020}) 16. Rac1 Qxd3 17. exd3 {[%emt 0:00:02] aiming for Bxb6.} Ne7 18. Bc5 Bxc5 19. Nxc5 Bxa2 20. Bh3 Rc6 21. Rfe1 Bd5 22. d4 e4 23. f3 (23. Ndxe4 $2 {too greedy.} Nxe4 24. Bg2 f5 $19) 23... e3 24. Rxe3 Rc7 25. Bd7 Rd8 26. Rxe7 {[%emt 0:05:23][%cal Oc1e1] Threatens to win with Rce1!} Rdxd7 27. Nxd7 {[%emt 0:04:36] Pair of Knights!} Rxc1+ 28. Kf2 Rc2 29. Ke3 Rxb2 30. Nxf6+ gxf6 31. Rxa7 $14 {[%emt 0:04:11][%mdl 4096] Endgame KRB-KRN} Rc2 32. Rd7 Rc3+ 33. Ke2 Bc6 34. Rd8+ Kg7 35. Rb8 {[%emt 0:00:02] Inhibits Bb5+.} b3 36. Rxb3 (36. h4 $14) 36... Bxf3+ $1 $11 {[%emt 0:00:03][%mdl 64] [#] The position is equal.} 37. Kf2 Rc2 {[%emt 0:00:03] ...Bd5 is the strong threat.} 38. Ke3 Bd5 39. Rb5 Rc3+ 40. Ke2 Be6 41. Rb4 Ra3 {[%emt 0:00:48] Weighted Error Value: White=0.05 (flawless) /Black=0.02 (flawless)} 1/2-1/2

[Event "FIDE WTC-KO 202"]
[Site "Jerusalem"]
[Date "2022.11.23"]
[Round "2.1"]
[White "Moussard, Jules"]
[Black "Nihal, Sarin"]
[Result "1/2-1/2"]
[ECO "C88"]
[WhiteElo "2634"]
[BlackElo "2616"]
[Annotator "TA"]
[PlyCount "100"]
[EventDate "2022.11.20"]
[EventType "team-tourn"]
[EventCountry "ISR"]
[SourceTitle "playchess.com"]
[Source "ChessBase"]
[SourceQuality "1"]
[TimeControl "2700+10"]

1. e4 e5 2. Nf3 Nc6 3. Bb5 a6 4. Ba4 Nf6 5. O-O Be7 6. Re1 b5 7. Bb3 O-O 8. h3 Bb7 9. d3 d5 {[%emt 0:02:45] C88: Closed Ruy Lopez: Anti-Marshall Systems.} 10. exd5 Nxd5 11. Nbd2 Qd7 (11... Nf4 {is more complex.} 12. Ne4 Na5 13. Bxf4 exf4 14. d4 Nxb3 15. axb3 f5) 12. a4 f6 13. c3 $1 {[%emt 0:01:21][%mdl 4] now scores much better than the old 13.Ne4.} Kh8 {[%emt 0:00:10] [#]} 14. axb5 $146 ({Predecessor:} 14. Ne4 Na5 15. Bc2 c5 16. axb5 axb5 17. h4 Nc6 18. Rxa8 Bxa8 19. h5 Qg4 20. Ng3 {1-0 (40) Grischuk,A (2745)-Artemiev,V (2701) Chess.com INT 2022}) 14... axb5 15. Rxa8 Bxa8 16. Ne4 b4 (16... Na5 $5 ) 17. Bd2 bxc3 18. bxc3 Nd8 19. d4 exd4 20. Nxd4 Nc6 21. Nf3 (21. Qh5 {feels hotter.} Ne5 22. Ng5 fxg5 23. Rxe5 Bf6 24. Re2) 21... Ne5 22. Nxe5 fxe5 23. Qh5 Nf6 24. Nxf6 (24. Qxe5 $2 {too greedy.} Bxe4 25. Rxe4 Nxe4 26. Qxe4 Qxd2 $19) 24... Bxf6 {[%emt 0:00:02] [#]} 25. Bc2 $1 {[%emt 0:03:14][%csl Gc2][%cal Rh5h7] Really sharp!} e4 26. Qc5 Rc8 27. Be3 Qc6 28. Qxc6 Bxc6 29. Bd4 Bxd4 30. cxd4 h6 31. Bxe4 {[%emt 0:00:20] White is more active.} Bxe4 32. Rxe4 $16 {[%emt 0:00:01][%mdl 4096] Endgame KR-KR} c5 33. dxc5 Rxc5 34. Kh2 Kg8 35. f4 ({White should try} 35. h4 $14) 35... Kf7 $11 36. Kg3 g5 37. Kf3 gxf4 38. Rxf4+ Kg6 39. Re4 Rf5+ 40. Kg3 Ra5 41. Re6+ Kg7 42. Kf4 Ra3 43. Re3 Ra5 44. g4 Kf6 45. h4 Ra4+ 46. Re4 Ra1 47. Rc4 Rf1+ 48. Ke4 Re1+ 49. Kd5 Rd1+ 50. Ke4 Re1+ {[%emt 0:00:02] Weighted Error Value: White=0.10 (very precise) /Black=0.07 (flawless)} 1/2-1/2

[Event "FIDE WTC-KO 202"]
[Site "Jerusalem"]
[Date "2022.11.23"]
[Round "2.1"]
[White "Anton Guijarro, David"]
[Black "Radjabov, Teimour"]
[Result "1-0"]
[ECO "E20"]
[WhiteElo "2633"]
[BlackElo "2718"]
[Annotator "TA"]
[PlyCount "135"]
[EventDate "2022.11.20"]
[EventType "team-tourn"]
[EventCountry "ISR"]
[SourceTitle "playchess.com"]
[Source "ChessBase"]
[SourceQuality "1"]
[TimeControl "2700+10"]

1. d4 Nf6 2. c4 e6 3. Nc3 Bb4 4. f3 c5 5. d5 O-O 6. e4 d6 7. Nge2 Re8 {[%emt 0:00:01] E20: Nimzo-Indian: 4 g3 and 4 f3.} (7... b5 $5 ) 8. Ng3 b5 9. Be2 (9. cxb5 exd5 10. Be2 d4 $15) (9. Bf4 {is interesting.} Qb6 10. Kf2 bxc4 11. Bxc4 Ba6 12. Na4) 9... bxc4 {[%emt 0:01:50] The position is equal.} 10. Bxc4 {[%emt 0:00:06] [#]} e5 $146 (10... Ba6 $11 11. Bxa6 Nxa6) ({Predecessor:} 10... Ba6 11. Bxa6 Nxa6 12. O-O c4 13. Kh1 Nc5 14. Bg5 h6 15. Bxf6 Qxf6 16. Nb5 Red8 {0-1 (69) Toth,E (2477)-Berkes,F (2677) Gyula 2013}) 11. O-O $14 Nbd7 12. Be3 Nf8 13. Qc2 Ng6 14. a3 Ba5 15. Rab1 Nf4 16. Nge2 (16. Nce2 {simplifies} Nxe2+ 17. Nxe2 Rb8 18. Ng3) 16... N6h5 17. Kh1 g6 18. g4 {[%emt 0:02:01] Prevents f5.} (18. Bb5 {looks sharper.} Bd7 19. Bc6 Rc8 20. b4) 18... Nxe2 19. Nxe2 Ng7 20. Ng3 Bd7 21. Qf2 f6 (21... Rf8 $14) 22. Bh6 Qe7 23. Qe2 Rab8 24. Rbc1 Rf8 25. f4 exf4 26. Rxf4 (26. Bxf4 Rb7 $14) 26... Qe5 27. Rf2 Rf7 28. Rcf1 Rbf8 29. Bf4 Qe7 30. Kg2 Bd8 31. Bh6 Qe5 32. Bf4 (32. b3 {feels hotter.} Qe7 33. Qf3 Qe5 34. Bf4) 32... Qe7 33. Bd2 {[%emt 0:00:17] Inhibits h5.} Qe5 34. Bc3 (34. Bh6 $16) 34... Qg5 $1 $11 35. Rf4 Qh6 (35... h5 $11 {keeps the balance.}) 36. Bd2 $16 g5 {[%emt 0:00:10] Inhibits e5.} 37. R4f2 Qh4 38. h3 h5 {[%emt 0:00:02][%cal Rh5g4] [#]} 39. Nf5 {[%emt 0:00:13] Active counter play!} (39. Nxh5 $2 Nxh5 40. gxh5 Bxh3+ 41. Kg1 Bxf1 42. Rxf1 Re8 $19) (39. Rh1 $1 $16) 39... Nxf5 $11 40. exf5 Re8 41. Qf3 hxg4 42. hxg4 {[%emt 0:00:13] Threatens to win with Rh1.} Rh7 {[%emt 0:00:09][%csl Gh7][%cal Rh4h2] [#]} 43. Qg3 {[%emt 0:00:11] Prevents Qh2+.} Re4 44. Be2 Bb6 $132 {[%emt 0:00:18][%mdl 2048] Black has counterplay} 45. Bf3 Re8 (45... Ree7 $11 {was preferrable.}) 46. Qxh4 $14 Rxh4 47. Re1 Rxe1 48. Bxe1 Rh7 49. Re2 a5 50. Bg3 Bc7 51. b4 (51. b3 $16) 51... axb4 $11 ({But not} 51... cxb4 52. axb4 axb4 53. Re4 $14 (53. Rb2 Re7 $14)) 52. axb4 cxb4 53. Rb2 Kf7 54. Rxb4 Ke7 (54... Kg8 $11) 55. Rb7 $16 Ba5 (55... Kd8 $142) 56. Be2 Bc3 $2 {[%emt 0:00:10] Black cannot hold the game after this.} (56... Kd8 $16) 57. Bb5 $18 Kd8 58. Bxd6 {[%emt 0:00:11] Black must now prevent Bxd7.} Bxf5 59. Rb8+ Bc8 60. Ba6 {[%emt 0:00:11] Prevents Rb7.} Kd7 61. Rxc8 {[%emt 0:00:05] Threatening mate with Rc6.} ({Worse is} 61. Bxc8+ Kxd6 62. Be6 Ke5 $11) 61... Kxd6 62. Rxc3 {[%emt 0:00:02] And now Rc6+ would win.} Kxd5 {[%emt 0:00:05][%mdl 4096] Endgame KRB-KR} 63. Rf3 Ke6 64. Bc4+ (64. Bc8+ $142 Ke7 65. Rd3) 64... Ke5 65. Bd3 Rc7 66. Bf5 Rc6 $2 (66... Ra7 67. Re3+ Kd4 68. Re4+ Kd5) 67. Re3+ Kd4 68. Re6 {[%emt 0:00:16] Weighted Error Value: White=0.15 (very precise) /Black=0.17 (very precise)} 1-0

[Event "FIDE WTC-KO 202"]
[Site "Jerusalem"]
[Date "2022.11.23"]
[Round "2.1"]
[White "Guseinov, Gadir"]
[Black "Shirov, Alexei"]
[Result "1-0"]
[ECO "B30"]
[WhiteElo "2616"]
[BlackElo "2590"]
[Annotator "TA"]
[PlyCount "103"]
[EventDate "2022.11.20"]
[EventType "team-tourn"]
[EventCountry "ISR"]
[SourceTitle "playchess.com"]
[Source "ChessBase"]
[SourceQuality "1"]
[TimeControl "2700+10"]

1. e4 c5 2. Nf3 Nc6 3. Nc3 e5 4. Bc4 Be7 5. d3 d6 6. O-O Nf6 7. Ng5 O-O 8. f4 (8. h3 {simplifies} h6 9. Nf3 a6 10. a4) 8... Bg4 {[%emt 0:00:02] B30: Sicilian: 2...Nc6 3 Bb5, lines without ...g6.} 9. Qe1 exf4 10. Bxf4 (10. Rxf4 h6 11. Nf3 g5 12. Rxg4 Nxg4 $15) 10... Nd4 {[%emt 0:00:02] The position is equal.} 11. Qf2 Be6 {[%emt 0:04:04] [#]} 12. Nf3 $146 ({Predecessor:} 12. Bb3 Bxb3 13. axb3 Ng4 14. Qh4 h6 15. Qxg4 Bxg5 16. Bxg5 Qxg5 17. Qxg5 hxg5 18. Rf2 {1-0 (38) Firouzja,A (2728)-Praggnanandhaa,R (2608) Chess.com INT 2020}) 12... Bxc4 (12... Nxe4 $11 13. Nxe4 d5) 13. dxc4 $16 Ne6 14. Bg3 {[%emt 0:03:27] White is more active.} Ng4 15. Qd2 Bf6 16. Rad1 Ne5 17. b3 (17. Qxd6 Qxd6 18. Rxd6 Nxc4 $15) 17... Nxf3+ 18. gxf3 Bd4+ 19. Kg2 f5 20. exf5 $1 Rxf5 21. Nd5 Qd7 (21... Rf7 $16 {was necessary.}) 22. c3 $18 Be5 23. f4 Bf6 24. Ne3 Qc6+ 25. Kg1 Rh5 26. Qe2 (26. Qxd6 Bxc3 27. f5 Ng5 $11) 26... Qe8 27. Nd5 $36 {[%emt 0:00:49][%mdl 2048] Black is under strong pressure.} Nf8 (27... Rh6 $142 28. Qg4 Qd7) 28. Qxe8 Rxe8 29. Nxf6+ gxf6 30. f5 Rg5 31. Rxd6 Kf7 {[%emt 0:00:01] [#]} (31... h5 $16) 32. Rd5 $1 b6 (32... Re7 {keeps fighting.} 33. Rxc5 Nd7) 33. Kf2 h5 34. Re1 h4 $2 {[%emt 0:00:59] Black cannot hold the game after this.} (34... Rxe1 $16 35. Kxe1 Ke8) 35. Bxh4 Rxe1 36. Kxe1 {[%emt 0:00:12][%mdl 4096] Endgame KRB-KRN} Rg1+ 37. Kf2 Rc1 38. Rd6 Rc2+ 39. Kg3 Rxa2 (39... Rxc3+ {is a better defense.} 40. Kg4 Rc2 41. Rxf6+ (41. Bxf6 Rxh2 42. a4 Rg2+ 43. Kf3 Rg1 $18) 41... Kg8) 40. Rxf6+ Ke8 41. Rc6 Kd7 {[%emt 0:00:55] [#] Against Rc8} 42. Rh6 Ra3 43. Bf6 {[%emt 0:00:03] Threatens to win with Rh8.} Ke8 44. Be5 {[%emt 0:00:35] Hoping for Bd6.} Rxb3 45. Rh8 Kf7 {[%emt 0:00:06] Against Bg7} (45... Ke7 $142 46. h4 Nd7 47. Rh7+ Ke8) 46. h4 {[%emt 0:00:07][%cal Bh2h4,Bh4h5,Bh5h6][%mdl 32] h5 is the strong threat.} a5 $2 (46... Nd7) 47. h5 {[%emt 0:00:02] aiming for h6. White is clearly winning.} a4 48. h6 Rb1 49. Kg2 ({Weaker is} 49. h7 Rh1 50. Bd6 (50. Rxf8+ $2 Kxf8 51. h8=Q+ Rxh8 $19) 50... Nxh7 $11) 49... Rb2+ 50. Kf3 {[%emt 0:00:07] Threatening mate with h7.} Rb1 51. Bg7 ({Worse is} 51. h7 Rh1 52. Bd6 (52. Rxf8+ $2 Kxf8 53. h8=Q+ Rxh8 $19) 52... Nxh7 $11) 51... Nd7 52. Rd8 {[%emt 0:00:03] Weighted Error Value: White=0.27 (precise) /Black=0.47} 1-0

[Event "FIDE WTC-KO 202"]
[Site "Jerusalem"]
[Date "2022.11.23"]
[Round "2.1"]
[White "Narayanan, S.L."]
[Black "Fressinet, Laurent"]
[Result "0-1"]
[ECO "C50"]
[WhiteElo "2588"]
[BlackElo "2684"]
[Annotator "TA"]
[PlyCount "86"]
[EventDate "2022.11.20"]
[EventType "team-tourn"]
[EventCountry "ISR"]
[SourceTitle "playchess.com"]
[Source "ChessBase"]
[SourceQuality "1"]
[TimeControl "2700+10"]

1. e4 e5 2. Nf3 Nc6 3. Bc4 Nf6 4. d3 Bc5 5. a4 d6 6. a5 {[%emt 0:00:26] C50: Hungarian Defence and Giuoco Pianissimo.} a6 7. O-O Ba7 8. c3 {[%emt 0:03:56] The position is equal.} Ne7 $5 {[%emt 0:01:26][%mdl 4] An interesting side line.} 9. Re1 O-O 10. Nbd2 (10. Bg5 {seems wilder.} Ng6 11. Nh4 Kh8 12. Nd2) 10... Ng6 11. d4 c6 {[%emt 0:00:32] [#]} 12. Bb3 $146 ({Predecessor:} 12. h3 h6 13. Bf1 Re8 14. Qc2 Qc7 15. dxe5 dxe5 16. Nc4 Be6 17. b3 Bc5 18. Nb2 {1-0 (50) Boschetti,C (2140)-Krebs,S (1919) Stein am Rhein 2016}) 12... exd4 (12... Bg4 $5) 13. cxd4 d5 14. e5 Nh5 15. Bc2 f6 (15... Nhf4 $11) 16. Nb3 (16. Bxg6 $16 hxg6 17. Nh4 (17. e6 Re8 $15)) 16... Nhf4 $11 17. Bxg6 (17. Nh4 $11) 17... Nxg6 $15 18. exf6 Qxf6 {[%emt 0:00:42] White must now prevent ...Bg4.} 19. Bg5 Qf7 20. Qd2 Bb8 21. Ne5 {[%emt 0:01:29] Prevents h6.} Bxe5 22. dxe5 {[%emt 0:00:02] This costs White the game.} (22. Rxe5 $17 Nxe5 23. dxe5) 22... h6 $19 23. Be3 Nh4 $1 ({Not} 23... Nxe5 24. Bd4 Ng6 25. Re3 $15) 24. Qe2 (24. Bxh6 $142 gxh6 25. Re3) 24... Qg6 25. f4 {[%emt 0:00:01] [#]} Bh3 $1 26. g3 (26. Qf2 Qxg2+ 27. Qxg2 Nxg2 28. Re2 Nxf4 29. Bxf4 Rxf4 30. Re3) 26... Bg4 27. Qf2 Nf3+ 28. Kh1 {[%emt 0:00:01] [#]} Nxe5 $1 29. Nc5 {[%emt 0:00:57] Against Qe4+} (29. Bd4 Nd3) 29... Bf3+ 30. Kg1 Be4 31. Red1 $2 (31. fxe5 Rxf2 32. Bxf2) 31... Nf3+ 32. Kf1 Qh5 33. h4 (33. Nxe4 {was the only defense.} dxe4 34. h4) 33... Rae8 34. Nxe4 Rxe4 (34... dxe4 $2 {loses.} 35. Rd7 $19) 35. Rd3 {[%emt 0:01:55] [#]} (35. Bc5 $142 Rf6 36. Rd3) 35... Ne5 $1 36. Rb3 (36. Rd4 Ng4) 36... Ng4 37. Qd2 Rfe8 38. Bd4 {[%emt 0:00:02] [#]} Nh2+ $1 39. Qxh2 (39. Kg1 Nf3+) 39... Rxd4 40. Qc2 {[%emt 0:01:03] Inhibits Rd1+.} Rde4 {[%emt 0:00:17] ( -> ...Re2)} 41. Qc3 Qe2+ 42. Kg1 Re3 {[%emt 0:00:09] Against Qf3} 43. Qb4 Rxb3 {[%emt 0:00:11] Weighted Error Value: White=0.89/Black=0.31} (43... Qg4 $142 44. Rxe3 Rxe3) 0-1